[Event "Live Chess"]
[Site "Chess.com"]
[Date "2024.06.01"]
[Round "-"]
[White "ShanthamGrarks"]
[Black "dmitro74"]
[Result "1-0"]
[WhiteElo "1781"]
[BlackElo "1707"]
[TimeControl "300"]
[EndTime "15:07:13 PDT"]
[Termination "ShanthamGrarks won by resignation"]

1. d4 d5 2. Nc3 Nf6 3. Bf4 e6 4.
e3 c5 5. Nb5 Na6 6. c3 Ne4 7. f3 g5 8. Be5 f6 9. fxe4 fxe5 10.
exd5 exd4 11. Qh5+ Kd7 12. dxe6+ Kc6 13. Qf3+ Kb6 14.
a4 d3 15. a5+ Kxb5 16. Qe4 c4 17. b3 Qc7 18. bxc4+ Qxc4 19. Bxd3 1-0

[Event "Live Chess"]
[Site "Chess.com"]
[Date "2024.06.01"]
[Round "-"]
[White "e4evr"]
[Black "FlyingChessKestrel13"]
[Result "1/2-1/2"]
[WhiteElo "2275"]
[BlackElo "2086"]
[TimeControl "300"]
[EndTime "15:07:27 PDT"]
[Termination "Game drawn by repetition"]

1. Nf3 d5 2. Nc3 Nf6 3. d4 Nc6 4. Bf4 a6 5. e3 Bf5 6. h3 e6 7. Nh4 Bg6 8. Nxg6 hxg6 9. Be2 Bd6 10. Bxd6 Qxd6 11. Qd2 O-O-O 12. Bf3 Kb8 13. O-O-O Ne7 14.
e4 dxe4 15. Nxe4 Nxe4 16. Bxe4 Nf5 17. Bxf5 gxf5 18. Qe3 g6 19. f4 Qd5 20. g3 Qxa2 21.
Qc3 Qd5 22. Rh2 Rd6 23. h4 Rc6 24. Qa3 Qd6 25. Qxd6 cxd6 26. Rhd2 d5 27. Rd3 Rc4 28. Kd2 b5 29. Ra1 Kb7 30. b3 Rc6 31. b4 Rc4 32. c3 Kb6 33. Ra3 Ra8 34. Re3 a5 35.
bxa5+ Rxa5 36. Rxa5 Kxa5 37. Re1 b4 38. cxb4+ Rxb4 39. Kc3 Rc4+ 40. Kd3 Kb6 41. Rb1+ Kc6 42. Rb8 Ra4 43.
Ke3 Ra3+ 44. Kf2 Kd6 45. Rf8 Ke7 46. Rb8 Kf6 47. Rb2 Rd3 48. Rb4 Kg7 49. Ra4 Kh6 50. Kg2 Kh5 51. Kh3 Kh6 52. Rb4 Kg7 53. Ra4 f6 54. Kg2 g5 55. hxg5 fxg5 56. fxg5 Kg6 57.
Ra6 Kxg5 58. Rxe6 Rxd4 59. Re8 Rd2+ 60. Kf3 Rd3+ 61. Kf2 d4 62. Rd8 Rd2+ 63. Kf3 Kf6 64.
g4 fxg4+ 65. Kxg4 Ke5 66. Kf3 Rd3+ 67. Ke2 Re3+ 68. Kd2 Rh3 69. Re8+ Kd5 70. Rd8+ Kc5 71. Rc8+ Kd5 72. Rd8+ Kc5 73. Rc8+ Kd5 74. Rd8+ 1/2-1/2

[Event "Live Chess"]
[Site "Chess.com"]
[Date "2024.06.01"]
[Round "-"]
[White "Silverback7829"]
[Black "A3ndrey9"]
[Result "0-1"]
[WhiteElo "903"]
[BlackElo "1296"]
[TimeControl "300"]
[EndTime "15:07:34 PDT"]
[Termination "A3ndrey9 won by checkmate"]

1. d4 c6 2. Nf3 d5 3. Nc3 Bf5 4. e3 Nf6 5. Bd3 Bxd3 6. Qxd3 e6 7. Ne5 Qb6 8. Na4 Qa5+ 9. Qc3 Qxc3+ 10. Nxc3 Nbd7 11.
O-O c5 12. b3 cxd4 13. exd4 Bd6 14. Nxd7 Nxd7 15. Be3 O-O 16. Rae1 Nf6 17. Bg5 Be7 18.
Bxf6 Bxf6 19. Nb5 a6 20. Nc7 Rac8 21. Nxe6 fxe6 22. Rxe6 Rxc2 23. Rd6 Bxd4 24. g3 Rfxf2 25. Rd8+ Rf8+ 26. Kh1 Rxd8 27. a4 Rf8 28. Rxf8+ Kxf8 29. b4 Kf7 30. b5 Kf6 31. bxa6 bxa6 32. h3 Ke5 33. g4 Kf4 34. a5 Kg3 35. h4 Rc1# 0-1

[Event "Live Chess"]
[Site "Chess.com"]
[Date "2024.06.01"]
[Round "-"]
[White "Pandreq"]
[Black "bonantagulo"]
[Result "0-1"]
[WhiteElo "1190"]
[BlackElo "2194"]
[TimeControl "300"]
[EndTime "15:07:37 PDT"]
[Termination "bonantagulo won by resignation"]

1. d4 Nf6 2. c4 e5 3. Nc3 exd4 4. Qxd4 Nc6 5. Qd1 Bc5 6. Nf3 O-O 7. Bg5 h6 8. Bh4 Re8 9. e3 d6 10. b3 Bb4 11.
Qc2 g5 12. Bg3 Ne4 13. O-O-O Nxc3 14. Rd3 Bf5 15. Rxd6 Ba3+ 0-1

[Event "Live Chess"]
[Site "Chess.com"]
[Date "2024.06.01"]
[Round "-"]
[White "Tushinskiy"]
[Black "nigelst"]
[Result "1-0"]
[WhiteElo "2255"]
[BlackElo "1674"]
[TimeControl "300"]
[EndTime "15:07:40 PDT"]
[Termination "Tushinskiy won by resignation"]

1. d4 Nf6 2. c3 e6 3. Nf3 c5 4.
Bf4 b6 5. Nbd2 Bb7 6. e3 cxd4 7. exd4 d6 8. Bb5+ Nbd7 9. Qe2 Be7 10. O-O O-O 11.
Rad1 a6 12. Ba4 b5 13. Bc2 Rc8 14. Bb1 Nb6 15. Bg3 Nc4 16. Nxc4 Rxc4 17. Rfe1 Qc7 18. Bh4 Rc8 19. Ng5 Bd5 20. Nxf7 Kxf7 21. Bxf6 Bxf6 22. Qh5+ Kg8 23. Bxh7+ Kf8 24. Bg6 Ke7 25. Qxd5 Kd7 26. Qxe6+ Kc6 27. Be4+ Kb6 28. Bd5 Ra4 29. Rc1 Qd8 30. Bb3 Ra5 31. Bd1 Ka7 32. b4 Rxa2 33.
Qxa2 1-0

[Event "Live Chess"]
[Site "Chess.com"]
[Date "2024.06.01"]
[Round "-"]
[White "willc-h99"]
[Black "Ferrarifan27"]
[Result "1-0"]
[WhiteElo "2627"]
[BlackElo "2093"]
[TimeControl "300"]
[EndTime "15:07:46 PDT"]
[Termination "willc-h99 won by resignation"]

1. d4 Nf6 2. Bg5 d5 3. Nd2 Bf5 4. f3 e6 5. g4 Bg6 6. h4 h6 7.
Bf4 Bd6 8. e3 Bxf4 9. exf4 Qd6 10.
Ne2 Nc6 11. c3 O-O-O 12. Kf2 Bd3 13. Ke3 Ba6 14. Nc1 g5 15. Bxa6 Qxf4+ 16. Ke2 bxa6 17.
Qa4 Kd7 18. Nd3 Qd6 19. Ne5+ Kc8 20. Qxa6+ Kb8 21. Nxc6+ 1-0

[Event "Live Chess"]
[Site "Chess.com"]
[Date "2024.06.01"]
[Round "-"]
[White "NottheBishopSacrifice"]
[Black "Cimon"]
[Result "1-0"]
[WhiteElo "2260"]
[BlackElo "1823"]
[TimeControl "300"]
[EndTime "15:07:47 PDT"]
[Termination "NottheBishopSacrifice won on time"]

1. g3 d5 2. Bg2 Nf6 3. Nf3 c5 4.
O-O Nc6 5. d4 Bg4 6. Ne5 Bf5 7.
Nxc6 bxc6 8. c4 e6 9. Nc3 cxd4 10. Qxd4 c5 11. Qd1 d4 12. Qa4+ Nd7 13. Nb5 Rc8 14.
Nxa7 Rc7 15. Nc6 Qc8 16. Bf4 e5 17. Bxe5 Nxe5 18. Nxe5+ Ke7 19. e4 Be6 20. f4 f6 21.
Nd3 Kf7 22. f5 Bd7 23. Qa3 Bd6 24. e5 fxe5 25. Bd5+ Kf6 26. Nf2 Ke7 27. Ne4 Bc6 28. f6+ gxf6 29. Nxf6 Qh3 30. Bxc6 Rxc6 31. Nd5+ Kd8 32.
Qa8+ Rc8 33. Qa6 Qe6 34. Rf6 1-0

[Event "Live Chess"]
[Site "Chess.com"]
[Date "2024.06.01"]
[Round "-"]
[White "JohanKjeldahl"]
[Black "anatoliy10912"]
[Result "0-1"]
[WhiteElo "1858"]
[BlackElo "1745"]
[TimeControl "300"]
[EndTime "15:07:52 PDT"]
[Termination "anatoliy10912 won by checkmate"]

1. e4 e6 2. d4 d5 3. Nd2 c5 4. Ngf3 Nc6 5. exd5 exd5 6. Bb5 a6 7. Bxc6+ bxc6 8. O-O a5 9. Re1+ Be7 10. dxc5 Nf6 11. Nb3 O-O 12. Nbd4 Bxc5 13. Nxc6 Qb6 14. Ncd4 Bg4 15. c3 Ne4 16. h3 Bh5 17. g4 Bg6 18. Ne5 Rae8 19. Nd7 Bxd4 20. Nxb6 Bxf2+ 21. Kg2 Bxb6 22. Be3 Nxc3 23. bxc3 Rxe3 24. Rxe3 Bxe3 25. Qxd5 Re8 26. Kg3 Ba7 27. Rf1 Bb8+ 28. Kh4 h6 29. Qd7 f6 30.
c4 Bf7 31. c5 g5# 0-1

[Event "Live Chess"]
[Site "Chess.com"]
[Date "2024.06.01"]
[Round "-"]
[White "GEMdzq"]
[Black "NAZRIZ1977"]
[Result "0-1"]
[WhiteElo "2285"]
[BlackElo "2161"]
[TimeControl "300"]
[EndTime "15:07:57 PDT"]
[Termination "NAZRIZ1977 won by resignation"]

1. e4 c5 2. d4 cxd4 3. c3 Nf6 4. e5 Nd5 5. Qxd4 Nb6 6. Nf3 Nc6 7. Qe4 g6 8. h4 d5 9. exd6 Qxd6 10. Bf4 Qd5 11.
Qe3 Bg4 12. Nbd2 h5 13. Bd3 Rd8 14. Be4 Qb5 15. b3 Nd5 16. Bxd5 Qxd5 17. O-O Qd3 18. Rfe1 Qxe3 19. Rxe3 Bg7 20. Rae1 O-O 21. Nc4 Bxf3 22. Rxf3 e6 23. Bg5 Rd7 24. b4 b5 25. Nd2 Ne5 26.
Rg3 f6 27. Be3 Ng4 28. Bc5 Rxd2 29. Bxf8 Kxf8 30. f3 Ne5 31. f4 Ng4 32. Kf1 Ke7 33. Re2 Rxe2 34. Kxe2 e5 35. fxe5 Nxe5 36. Re3 Kd6 37.
Re4 Kd5 38. Rd4+ Kc6 39. Rd8 f5 40. Rg8 Bf6 41. g3 Kd5 42. Rc8 Nc4 43. Rc5+ Kd6 44. Rxb5 Bxc3 45. Rc5 Bxb4 46. Rxc4 a5 47. a4 Ke6 48. Rc6+ Kf7 49. Ra6 Kg7 50. Kf3 Be1 51.
Re6 Bb4 52. Re2 Kf6 53. Rc2 Kg7 54.
Kf4 Bd6+ 55. Ke3 Bxg3 56. Rc5 Be1 57. Kf4 Bd2+ 58. Ke5 Bb4 59. Rc7+ Kh6 60. Kf6 f4 61. Rc8 Kh7 62. Rc4 Bd2 63. Ke5 f3 64. Rd4 Bc3 65. Ke4 Bxd4 66. Kxf3 Bc3 0-1

[Event "Live Chess"]
[Site "Chess.com"]
[Date "2024.06.01"]
[Round "-"]
[White "CheckThis4"]
[Black "vincents82"]
[Result "1-0"]
[WhiteElo "2684"]
[BlackElo "2078"]
[TimeControl "300"]
[EndTime "15:07:59 PDT"]
[Termination "CheckThis4 won by resignation"]

1. e4 d5 2. exd5 Qxd5 3. Nc3 Qd8 4. d4 Nf6 5. g3 c6 6. Bg2 Bf5 7. Nge2 e6 8. Bg5 Nbd7 9. Qd2 Be7 10. O-O-O Qa5 11.
Kb1 O-O-O 12. Nd5 Qxd2 13. Nxe7+ Kb8 14. Rxd2 Bg4 15. f3 1-0

[Event "Live Chess"]
[Site "Chess.com"]
[Date "2024.06.01"]
[Round "-"]
[White "agamilewska"]
[Black "NebodarMatevich"]
[Result "1-0"]
[WhiteElo "1774"]
[BlackElo "1558"]
[TimeControl "300"]
[EndTime "15:08:31 PDT"]
[Termination "agamilewska won by resignation"]

1. d4 Nf6 2. c4 g6 3. Nf3 Bg7 4. Nc3 O-O 5. Bg5 h6 6. Bxf6 Bxf6 7. e3 a5 8. Bd3 Na6 9. O-O d6 10. a3 Re8 11. h3 e5 12. dxe5 dxe5 13. e4 Nc5 14. Bc2 Be6 15. b4 axb4 16. axb4 Rxa1 17. Qxa1 Na6 18. Rd1 Qe7 19. Nd5 Bxd5 20. cxd5 Nxb4 21. Rc1 Nxc2 22. Rxc2 Qd6 23. Qb2 c6 24. Qxb7 cxd5 25. Qxd5 Qxd5 26. exd5 e4 27. Nd2 Rd8 28. Nxe4 Kg7 29.
Rc6 Be5 30. d6 f5 31. Rc7+ Kf8 32. Nc5 Rxd6 33. Nd7+ Rxd7 34. Rxd7 f4 35. f3 h5 36. Kf2 h4 37. Ke2 Ke8 38. Rb7 Bd4 39. Kd3 Bf2 40.
Ke4 Bg3 41. Ke5 Kd8 42. Kf6 Kc8 43. Rh7 Be1 44. Kxg6 Kd8 45. Kg5 Bg3 46. Rxh4 Bxh4+ 47. Kxh4 Ke7 48. Kg4 Kf6 49. Kxf4 1-0

[Event "Live Chess"]
[Site "Chess.com"]
[Date "2024.06.01"]
[Round "-"]
[White "degringolade64"]
[Black "Crowded_House"]
[Result "1-0"]
[WhiteElo "2115"]
[BlackElo "1738"]
[TimeControl "300"]
[EndTime "15:08:31 PDT"]
[Termination "degringolade64 won by resignation"]

1. e4 e6 2. d4 d5 3. e5 c5 4. c3 Nc6 5. Nf3 Qb6 6. Bd3 Bd7 7.
dxc5 Bxc5 8. O-O Qc7 9. Qe2 Nge7 10. b4 Bb6 11. a4 a6 12. Na3 Ng6 13. Re1 O-O 14.
h4 h6 15. h5 Nge7 16. Bf4 Rac8 17. Rac1 Qb8 18. Qd2 Nf5 19. Bxf5 exf5 20. e6 fxe6 21. Bxb8 Rxb8 22. b5 1-0

[Event "Live Chess"]
[Site "Chess.com"]
[Date "2024.06.01"]
[Round "-"]
[White "WelshTiger"]
[Black "Mangoalo"]
[Result "1-0"]
[WhiteElo "2505"]
[BlackElo "1060"]
[TimeControl "300"]
[EndTime "15:08:33 PDT"]
[Termination "WelshTiger won by checkmate"]

1. e4 Nc6 2. Nf3 b6 3. d4 Bb7 4. c3 d5 5. e5 e6 6. Bd3 f6 7.
exf6 Nxf6 8. O-O Bd6 9. Bg5 O-O 10. Bh4 Be7 11. Re1 Ne4 12. Bxe7 Qxe7 13. Nbd2 Nxd2 14. Qxd2 Rf6 15. Bb5 Na5 16. Ne5 Raf8 17. f3 c6 18. Bf1 b5 19. b3 Bc8 20. Nd3 Nb7 21. a4 bxa4 22. Rxa4 a5 23. Qe3 Bd7 24. Nc5 Nxc5 25. dxc5 h6 26. Rxa5 Qd8 27. Ra7 R8f7 28. b4 Qc8 29.
Rea1 Be8 30. Qe5 Rf5 31. Qd6 Kh7 32. Ra8 Qd7 33. Bd3 g6 34. Bxf5 Rxf5 35. Qxd7+ Bxd7 36. R1a7 Rf7 37. Rd8 g5 38. Raxd7 Rxd7 39. Rxd7+ Kg6 40.
Rd6 Kh5 41. Rxc6 Kh4 42. Rxe6 d4 43. g3+ Kh5 44. g4+ Kh4 45. Rxh6# 1-0

[Event "Live Chess"]
[Site "Chess.com"]
[Date "2024.06.01"]
[Round "-"]
[White "Dhaydon19"]
[Black "TedUdale"]
[Result "1-0"]
[WhiteElo "2678"]
[BlackElo "2126"]
[TimeControl "300"]
[EndTime "15:08:33 PDT"]
[Termination "Dhaydon19 won by resignation"]

1. d4 d5 2. Nf3 e6 3. g3 Nf6 4.
Bg2 Bd6 5. O-O O-O 6. c3 c5 7. Qc2 cxd4 8. Nxd4 Nc6 9. Nxc6 bxc6 10. Nd2 e5 11. e4 Ba6 12. Re1 Re8 13. exd5 cxd5 14.
Nf3 Rc8 15. Bg5 h6 16. Bxf6 Qxf6 17. Qa4 Bd3 18. Rad1 e4 19. Nd4 Bc5 20. Rxd3 exd3 21. Rxe8+ Rxe8 22. Qxe8+ Kh7 23. Qe3 1-0

[Event "Live Chess"]
[Site "Chess.com"]
[Date "2024.06.01"]
[Round "-"]
[White "jimwad"]
[Black "asingardenof"]
[Result "1-0"]
[WhiteElo "1289"]
[BlackElo "615"]
[TimeControl "300"]
[EndTime "15:08:44 PDT"]
[Termination "jimwad won on time"]

1. d4 Nf6 2. c4 g6 3. Nc3 Bg7 4. Nf3 Nc6 5. e4 d6 6. Be3 O-O 7. Bd3 h6 8. a3 g5 9. d5 Bg4 10. dxc6 bxc6 11. b3 c5 12. Be2 e5 13.
h3 Bh5 14. g4 Bg6 15. h4 Nxg4 16. hxg5 h5 17. Nd5 Nxe3 18. fxe3 f6 19. Nd2 f5 20.
exf5 Qxg5 21. e4 Bf7 22. Bxh5 Bxh5 23. Rxh5 Qg1+ 24. Nf1 Kf7 25. Qf3 Rh8 26. Ra2 Rxh5 27. Qxh5+ Kf8 28. Qh4 Re8 29. Rf2 Kg8 30. Ne7+ Kf8 31.
f6 a5 32. fxg7+ Kxg7 33. Qf6+ Kh7 34. Rh2+ Qxh2 35. Nxh2 Rg8 36. Qf7+ Rg7 37. Qf5+ Kh6 38. Ng4+ Rxg4 39. Qxg4 1-0

[Event "Live Chess"]
[Site "Chess.com"]
[Date "2024.06.01"]
[Round "-"]
[White "blunderabit"]
[Black "Rusty_Bridges"]
[Result "1-0"]
[WhiteElo "1804"]
[BlackElo "1535"]
[TimeControl "300"]
[EndTime "15:08:57 PDT"]
[Termination "blunderabit won by resignation"]

1. e4 d6 2. d4 Nf6 3. Nc3 Nbd7 4. g3 e5 5. Nge2 h6 6. Bg2 Be7 7. O-O c6 8. a4 Qc7 9. h3 Nf8 10. Be3 g5 11. a5 Ng6 12. Qd2 Bd7 13. Rfe1 O-O 14. f4 exf4 15. gxf4 gxf4 16. Nxf4 h5 17. Nxg6 fxg6 18. Kh1 d5 19. e5 Nh7 20. Bh6 Rf5 21. e6 Be8 22. Rf1 Bg5 23. Bxg5 Rxg5 24. Qf4 Qxf4 25. Rxf4 Rf5 26. Rxf5 gxf5 27. Bf3 Bg6 28.
Rg1 Kg7 29. Bxh5 Nf8 30. e7 1-0

[Event "Live Chess"]
[Site "Chess.com"]
[Date "2024.06.01"]
[Round "-"]
[White "gmnorfolk"]
[Black "NeilDruggan73"]
[Result "1-0"]
[WhiteElo "2109"]
[BlackElo "1739"]
[TimeControl "300"]
[EndTime "15:09:14 PDT"]
[Termination "gmnorfolk won by resignation"]

1. d4 d6 2. e4 Nf6 3. Nc3 g6 4.
Be3 Bg7 5. Nf3 O-O 6. Qd2 Nc6 7. d5 Nb8 8. Bh6 Nbd7 9. h4 Ne5 10. Nxe5 dxe5 11.
h5 Ng4 12. Bxg7 Kxg7 13. hxg6 fxg6 14. f3 Nf6 15. O-O-O a6 16. Qh6+ Kf7 17. Bc4 Qd6 18. g4 Rh8 19. Rdf1 b5 20. Bb3 Bd7 21. f4 Bxg4 22.
fxe5 Qxe5 23. d6+ Be6 24. dxe7 Rae8 25. Nd5 Bxd5 26. Bxd5+ Kxe7 27. Qg7+ Kd8 28. Rxf6 Ref8 29. Rxf8+ 1-0

[Event "Live Chess"]
[Site "Chess.com"]
[Date "2024.06.01"]
[Round "-"]
[White "dmitro74"]
[Black "Duke_of_Bebington"]
[Result "1-0"]
[WhiteElo "1734"]
[BlackElo "1637"]
[TimeControl "300"]
[EndTime "15:09:15 PDT"]
[Termination "dmitro74 won by resignation"]

1. d4 d5 2. c4 c6 3. Nc3 e5 4.
cxd5 cxd5 5. dxe5 d4 6. Ne4 Qa5+ 7. Bd2 Qxe5 8. Ng3 Nf6 9. Nf3 Qd6 10. e4 Nc6 11.
Bb5 Be7 12. e5 Qe6 13. O-O Nd5 14. Nxd4 O-O 15. Nxe6 Bxe6 1-0

[Event "Live Chess"]
[Site "Chess.com"]
[Date "2024.06.01"]
[Round "-"]
[White "hapehansen"]
[Black "StoreySniper"]
[Result "0-1"]
[WhiteElo "2268"]
[BlackElo "2546"]
[TimeControl "300"]
[EndTime "15:09:30 PDT"]
[Termination "StoreySniper won by resignation"]

1. c4 g6 2. Nc3 Bg7 3. g3 c5 4. Bg2 Nc6 5. Nf3 h5 6. h3 d6 7. e3 Bxc3 8. dxc3 Qa5 9. O-O Be6 10. Qe2 Nf6 11. Ng5 Bd7 12. Rd1 Rb8 13. Kh2 Nh7 14.
Nxh7 Rxh7 15. e4 Be6 16. f4 Qc7 17. Be3 f6 18. Rd2 a6 19. a4 Na5 20. f5 Bxc4 21.
Qf3 g5 22. e5 dxe5 23. Rad1 h4 24. Rd7 hxg3+ 25. Kxg3 Qxd7 26. Rxd7 Kxd7 27. Bxc5 Rh4 28. Qd1+ Ke8 29. Bf3 Rd8 30. Bh5+ Rxh5 31. Qxh5+ Kd7 32. Bb6 Nc6 33. Bxd8 Kxd8 34. Qd1+ Kc7 35. b3 Bf7 36. h4 gxh4+ 37. Kxh4 e4 38. Qe2 Bxb3 39. Qxe4 Bf7 40. Qf4+ Ne5 41. Qd4 Nf3+ 0-1

[Event "Live Chess"]
[Site "Chess.com"]
[Date "2024.06.01"]
[Round "-"]
[White "booktrunk"]
[Black "BearFromUkraine"]
[Result "1-0"]
[WhiteElo "1450"]
[BlackElo "1027"]
[TimeControl "300"]
[EndTime "15:10:14 PDT"]
[Termination "booktrunk won by resignation"]

1. d4 d5 2. Nc3 e6 3. Bf4 Bd6 4. Bxd6 Qxd6 5. g3 Nf6 6. Bg2 O-O 7. Nf3 Nc6 8. O-O a6 9. a3 Bd7 10. e3 Rfe8 11. Re1 Rad8 12. Ne2 h6 13. Kh1 e5 14.
dxe5 Nxe5 15. Nxe5 Qxe5 16. Nc3 Bc6 17. Qe2 d4 18. exd4 Bxg2+ 19. Kxg2 Qxe2 20. Nxe2 c6 21. c3 Nd5 22. Ng1 Kf8 23. Nf3 Rxe1 24. Rxe1 Re8 25. Ne5 Nc7 26. Nd7+ Kg8 27. Rxe8+ Nxe8 28. Nc5 b6 29.
Nxa6 Nd6 30. Nb4 c5 31. dxc5 b5 32. c6 1-0

[Event "Live Chess"]
[Site "Chess.com"]
[Date "2024.06.01"]
[Round "-"]
[White "katoma"]
[Black "f4nomore"]
[Result "1-0"]
[WhiteElo "2057"]
[BlackElo "1252"]
[TimeControl "300"]
[EndTime "15:10:36 PDT"]
[Termination "katoma won by checkmate"]

1. e4 g6 2. d4 Bg7 3. Nc3 d6 4. Bc4 e6 5. Nge2 Ne7 6. Be3 O-O 7. Qd2 d5 8. exd5 exd5 9. Bd3 Bf5 10. Bg5 Bxd3 11. Qxd3 Qd6 12. Bxe7 Qxe7 13. Nxd5 Qd6 14.
Ndc3 Nc6 15. O-O-O Bh6+ 16. Kb1 Rad8 17. Ne4 Qe7 18. Qf3 Bg7 19. c3 f5 20. Nc5 b6 21.
Qxc6 bxc5 22. Rhe1 cxd4 23. Nxd4 Qf7 24. Qe6 Qxe6 25.
Nxe6 Rxd1+ 26. Rxd1 Re8 27. Nxg7 Kxg7 28. Rd7+ Kh6 29.
Kc2 Re2+ 30. Rd2 Re7 31. a4 a6 32. b4 c6 33. c4 Kg5 34. Kc3 h5 35. b5 cxb5 36. cxb5 axb5 37. axb5 Rc7+ 38. Kb4 Rb7 39. Ka5 Ra7+ 40. Kb6 Ra3 41. Rc2 Rb3 42. Kc6 Ra3 43.
b6 Ra6 44. Kc7 Ra8 45. b7 Ra7 46. Kc8 Rxb7 47. Kxb7 Kg4 48. Kc6 f4 49. Kd5 g5 50.
Ke4 h4 51. f3+ Kh5 52. Kf5 Kh6 53. Rc6+ Kh5 54. h3 g4 55. fxg4# 1-0

[Event "Live Chess"]
[Site "Chess.com"]
[Date "2024.06.01"]
[Round "-"]
[White "cymbalshift"]
[Black "SavagePawn7"]
[Result "1-0"]
[WhiteElo "1650"]
[BlackElo "659"]
[TimeControl "300"]
[EndTime "15:10:39 PDT"]
[Termination "cymbalshift won by resignation"]

1. d4 e5 2. dxe5 d6 3. exd6 Bxd6 4. Nf3 Nc6 5. e3 Bg4 6. Be2 Qe7 7. h3 Bxf3 8. Bxf3 O-O-O 9. Qe2 Nf6 10. Bxc6 bxc6 11.
O-O Ne4 12. Qa6+ Kb8 13. Qxc6 Nf6 14. Nc3 Qe5 15. f4 Qh5 16. a4 Rhe8 17. Qb5+ Ka8 18. Qxh5 Nxh5 19. Nb5 Bc5 20. Nxc7+ 1-0

[Event "Live Chess"]
[Site "Chess.com"]
[Date "2024.06.01"]
[Round "-"]
[White "MagnersCarlsberg2870"]
[Black "oscalik"]
[Result "0-1"]
[WhiteElo "1762"]
[BlackElo "2318"]
[TimeControl "300"]
[EndTime "15:10:42 PDT"]
[Termination "oscalik won by resignation"]

1. Nf3 Nf6 2. g3 d5 3. Bg2 e6 4. d3 Be7 5. Nbd2 O-O 6. O-O c5 7. e4 Nc6 8. Re1 b5 9. e5 Nd7 10. Nf1 a5 11. Bf4 a4 12. h4 Qb6 13. Ne3 Bb7 14. Ng5 h6 15. Nxe6 fxe6 16. Qh5 Rf7 17. Nxd5 exd5 18. Bxd5 Nd8 19. Bxf7+ Nxf7 20. e6 Qc6 21.
Qxf7+ Kh8 22. Re4 Nf6 23. Bxh6 Rg8 24. Qxe7 Nxe4 25. Bxg7+ Rxg7 26. Qf8+ Kh7 27. Qf5+ Kg8 28. e7 Nf6 29. e8=Q+ Nxe8 30. f3 Rxg3+ 31. Kh2 Qxf3 32.
Qe6+ Kh7 33. Qe7+ Ng7 0-1

[Event "Live Chess"]
[Site "Chess.com"]
[Date "2024.06.01"]
[Round "-"]
[White "ProfessorChess101"]
[Black "lyricalschemes"]
[Result "1-0"]
[WhiteElo "2731"]
[BlackElo "2417"]
[TimeControl "300"]
[EndTime "15:10:47 PDT"]
[Termination "ProfessorChess101 won by resignation"]

1. d4 Nf6 2. c4 e6 3. Nc3 Bb4 4. Nf3 c5 5. e3 cxd4 6. exd4 d5 7. c5 Nc6 8. Bd2 Bxc3 9. Bxc3 Ne4 10. Bd3 O-O 11.
Bxe4 dxe4 12. Nd2 Nxd4 13. Nxe4 e5 14. O-O Bf5 15. Nd6 Qf6 16. Bxd4 exd4 17. Qf3 Bc8 18.
Qxf6 gxf6 19. Rad1 Be6 20. Rxd4 Bxa2 21. Ra1 Be6 22. Nxb7 Rfc8 23. b4 Rc7 24. Nd6 a5 25. h3 a4 26. Ne4 Kg7 27. b5 f5 28. b6 Rc6 29. Raxa4 Rb8 30. Rd6 fxe4 31. Rxc6 Bd7 32. Rxe4 Bxc6 33. Rd4 Rb7 34. Rd6 Ba4 35. f3 Kf8 36. Kf2 Ke7 37. Ke3 Rb8 38. Rh6 Bc2 39.
Kd4 Bg6 40. Rh4 Kd7 41. Kd5 f5 42. c6+ Ke7 43. Kc5 Be8 44. b7 Bg6 45. Kb6 Kd6 46.
c7 Re8 47. c8=Q Ke5 48. Qxe8+ Bxe8 49. b8=Q+ 1-0

[Event "Live Chess"]
[Site "Chess.com"]
[Date "2024.06.01"]
[Round "-"]
[White "Delacorta"]
[Black "CCGoodKnightRookie"]
[Result "0-1"]
[WhiteElo "1559"]
[BlackElo "2363"]
[TimeControl "300"]
[EndTime "15:11:00 PDT"]
[Termination "CCGoodKnightRookie won by resignation"]

1. d4 d5 2. Nf3 Nf6 3. e3 e6 4. Bd3 c5 5. b3 Nc6 6. Bb2 cxd4 7.
exd4 Bd6 8. Ne5 Qc7 9. f4 a6 10. Nd2 b6 11. O-O Bb7 12. Kh1 Ne7 13. c4 Nf5 14.
Bxf5 exf5 15. cxd5 Nxd5 16. Rc1 Qe7 17. Re1 O-O 18.
Ng6 Qf6 19. Nxf8 Rxf8 20. Qc2 Nxf4 21. Nf3 Qh6 22. Qxf5 Nxg2 23. Qg4 Bxf3 0-1

[Event "Live Chess"]
[Site "Chess.com"]
[Date "2024.06.01"]
[Round "-"]
[White "koekoekoe"]
[Black "GrahamCuthbert"]
[Result "1-0"]
[WhiteElo "1993"]
[BlackElo "1031"]
[TimeControl "300"]
[EndTime "15:11:29 PDT"]
[Termination "koekoekoe won by checkmate"]

1. d4 d5 2. Bf4 Nf6 3. e3 Bf5 4. c4 e6 5. Nc3 c6 6. Nf3 Nbd7 7. Be2 Bb4 8. O-O Bxc3 9. bxc3 Ne4 10. Qb3 b6 11. cxd5 cxd5 12. c4 Bg4 13. cxd5 Bxf3 14. Bxf3 Nd2 15. Qb5 Nxf1 16. dxe6 fxe6 17. Bxa8 Qxa8 18.
Kxf1 Qb7 19. Rc1 O-O 20. Rc7 a6 21. Qxd7 Qe4 22. Qxg7# 1-0

[Event "Live Chess"]
[Site "Chess.com"]
[Date "2024.06.01"]
[Round "-"]
[White "DylanMeyer1"]
[Black "RichardABates"]
[Result "0-1"]
[WhiteElo "1718"]
[BlackElo "2259"]
[TimeControl "300"]
[EndTime "15:11:46 PDT"]
[Termination "RichardABates won on time"]

1. c4 g6 2. Nc3 Bg7 3. g3 Nf6 4. Bg2 O-O 5. e3 c5 6. Nge2 Nc6 7.
d3 d6 8. O-O e5 9. b3 Nh5 10. Bb2 f5 11. Qd2 f4 12. exf4 exf4 13. f3 Nd4 14. Rae1 fxg3 15. hxg3 Bd7 16. g4 Nf6 17.
Nxd4 cxd4 18. Ne4 Nxe4 19. dxe4 Qb6 20. Rd1 d3+ 21. Kh1 Bxb2 22. Qxb2 h5 23. gxh5 Rf4 24. Qf2 Qa5 25. Rxd3 Qxh5+ 26. Kg1 Kf7 27. Rxd6 Be6 28. Rfd1 Rh8 29. Qg3 g5 30. e5 Rh4 31. R1d4 Rh1+ 32. Kf2 Ra1 33. Rd2 Qg6 34. Bf1 Rh1 35. Bd3 Qh6 36.
Rxe6 Qxe6 37. Be4 Qb6+ 38. Ke2 Rae1+ 39. Kd3 Qe3+ 40. Kc2 Rc1+ 41. Kb2 Qxd2+ 42. Ka3 Qa5+ 43. Kb2 Qc3+ 44. Ka3 Ra1 45. Bd5+ Ke8 0-1

[Event "Live Chess"]
[Site "Chess.com"]
[Date "2024.06.01"]
[Round "-"]
[White "LL220284LL"]
[Black "Plato_77"]
[Result "1-0"]
[WhiteElo "2518"]
[BlackElo "1325"]
[TimeControl "300"]
[EndTime "15:12:02 PDT"]
[Termination "LL220284LL won by resignation"]

1. b3 Nf6 2. Bb2 e6 3. Nf3 d5 4. g3 Be7 5. Bg2 O-O 6. O-O c5 7. d3 Nc6 8. Nbd2 b6 9. e4 dxe4 10. dxe4 Bb7 11. Qe2 Qc7 12. e5 Nd5 13. c4 Ndb4 14. Ne4 Rad8 15. h4 Nd4 16. Nxd4 cxd4 17. a3 d3 18. Qg4 Nc2 19. Rad1 Bxa3 20. Nf6+ Kh8 21. Nh5 g6 22. Bxa3 Nxa3 23. Bxb7 Qxb7 24. Nf6 h5 25. Qg5 1-0

[Event "Live Chess"]
[Site "Chess.com"]
[Date "2024.06.01"]
[Round "-"]
[White "Duke_of_Bebington"]
[Black "gmnorfolk"]
[Result "0-1"]
[WhiteElo "1636"]
[BlackElo "2111"]
[TimeControl "300"]
[EndTime "15:12:19 PDT"]
[Termination "gmnorfolk won by resignation"]

1. e4 c5 2. c3 d5 3. exd5 Qxd5 4. Nf3 Nc6 5. d4 Bg4 6. Be2 e6 7. O-O Nf6 8. Be3 cxd4 9. Nxd4 Bxe2 10. Nxe2 Qh5 11.
Ng3 Qa5 12. Na3 Nd5 13. Qf3 Bxa3 14. bxa3 Qxa3 15. Bd4 Nxd4 16. cxd4 Qxf3 17. gxf3 Kd7 18. Rab1 b6 19. Rfc1 Rac8 20. Ne4 h6 21. Kf1 Nf4 22. Ke1 f5 23. Ng3 Rxc1+ 24. Rxc1 Nd3+ 25. Kd2 Nxc1 26. Kxc1 0-1

[Event "Live Chess"]
[Site "Chess.com"]
[Date "2024.06.01"]
[Round "-"]
[White "Mangoalo"]
[Black "Crowded_House"]
[Result "0-1"]
[WhiteElo "1060"]
[BlackElo "1738"]
[TimeControl "300"]
[EndTime "15:12:21 PDT"]
[Termination "Crowded_House won by resignation"]

1. Nf3 e6 2. Ng1 d5 3. Nf3 c5 4. Ng1 Nc6 5. Nf3 Qb6 6. e3 Nf6 7. Be2 Bd7 8. O-O Bd6 9. c3 O-O 10. d4 cxd4 11. cxd4 Rac8 12. Nc3 Na5 13. Qc2 Bb4 14.
Bd2 Rc7 15. a3 Bxc3 16. Bxc3 Rfc8 17. Rac1 Bb5 18. Bxb5 Qxb5 19. Rfd1 Ne4 20. Ne5 Nxc3 21. bxc3 Qb3 22. Qd2 Qxa3 23. Rc2 Rxc3 24. Rdc1 Rxc2 25.
Rxc2 Qa1+ 0-1